3R
BALLARD BEAVERS @ FRANKLIN FIRE
08/24/2033
 
TOP OF THE 1ST
Ballard Beavers batting - Pitching for Franklin Fire : RHP Donnie Rawling
Pitching: RHP Donnie Rawling
Batting: RHB Bob Smelcer 0-0: Foul Ball, location: 2F
0-1: Fly out, F4 (Popup, 4S)
Batting: RHB Tony Hernández 0-0: Ground out 6-3 (Groundball, 6)
Batting: RHB Clarence Coffin 0-0: Ball
1-0: Foul Ball, location: 2F
1-1: Ball
2-1: Swinging Strike
2-2: Ball
3-2: Strikes out looking
Top of the 1st over - 0 runs, 0 hits, 0 errors, 0 left on base; Ballard 0 - Franklin 0
BOTTOM OF THE 1ST
Franklin Fire batting - Pitching for Ballard Beavers : RHP Waylon Nicholas
Pitching: RHP Waylon Nicholas
Batting: RHB Dan Lewis 0-0: Ball
1-0: Foul Ball, location: 2F
1-1: Swinging Strike
1-2: Ball
2-2: Ground out 4-3 (Groundball, 4)
Batting: RHB Djakapura Makanamaikai 0-0: Hit by Pitch
Batting: SHB Govaart Baars 0-0: Called Strike
0-1: Grounds into double play, 4-6-3 (Groundball, 4)
Bottom of the 1st over - 0 runs, 0 hits, 0 errors, 0 left on base; Ballard 0 - Franklin 0
TOP OF THE 2ND
Ballard Beavers batting - Pitching for Franklin Fire : RHP Donnie Rawling
Batting: RHB Cornelius Adkison 0-0: Fly out, F7 (Flyball, 78S)
Batting: LHB Gabriel Montoya 0-0: Called Strike
0-1: Foul Ball, location: 2F
0-2: Ball
1-2: Foul Ball, location: 2F
1-2: DOUBLE (Line Drive, 78XD)
Batting: SHB Alberto González 0-0: Called Strike
0-1: Ball
1-1: Ball
2-1: Fly out, F9 (Line Drive, 9D)
Runner from 2nd tags up, SAFE at 3rd, no throw
Batting: RHB Jim Herries 0-0: Ball
1-0: Called Strike
1-1: Fly out, F9 (Flyball, 89M)
Top of the 2nd over - 0 runs, 1 hit, 0 errors, 1 left on base; Ballard 0 - Franklin 0
BOTTOM OF THE 2ND
Franklin Fire batting - Pitching for Ballard Beavers : RHP Waylon Nicholas
Batting: RHB Peter Holland 0-0: Foul Ball, location: 2F
0-1: Foul Ball, location: 2F
0-2: Ground out 6-3 (Groundball, 56)
Batting: RHB Thomas Flyer 0-0: Ball
1-0: Foul Ball, location: 2F
1-1: Foul Ball, location: 2F
1-2: Ball
2-2: SINGLE (Line Drive, 4D)
Batting: LHB Kent Maxwell 0-0: Ball
1-0: Ball
Wild Pitch!
Thomas Flyer to second
2-0: Ball
3-0: Base on Balls
Batting: RHB Ricardo Cardona 0-0: Called Strike
0-1: Foul Ball, location: 2F
0-2: Ball
1-2: Foul Ball, location: 2F
1-2: 3-RUN HOME RUN (Flyball, 7D), Distance : 355 ft
Batting: LHB Rick Newell 0-0: Ground out 4-3 (Groundball, 4M)
Batting: RHB Richard Theunen 0-0: SINGLE (Flyball, 7LS)
Batting: RHB Dan Lewis 0-0: Ball
1-0: Foul Ball, location: 2F
1-1: Called Strike
1-2: Foul Ball, location: 2F
1-2: SINGLE (Flyball, 89M)
Richard Theunen to second
Runner from 2nd tries for 3rd, SAFE, no throw
Batting: RHB Djakapura Makanamaikai 0-0: Called Strike
0-1: Ball
1-1: Ball
2-1: SINGLE (Line Drive, 56D)
Richard Theunen scores
Dan Lewis to second
Batting: SHB Govaart Baars 0-0: Ball
1-0: Ball
2-0: SINGLE (Flyball, 8LM)
Dan Lewis to third
Djakapura Makanamaikai to second
Runner from 3rd tries for Home, SAFE, no throw
Batting: RHB Peter Holland 0-0: Called Strike
0-1: Called Strike
0-2: Strikes out looking
Bottom of the 2nd over - 5 runs, 6 hits, 0 errors, 2 left on base; Ballard 0 - Franklin 5
TOP OF THE 3RD
Ballard Beavers batting - Pitching for Franklin Fire : RHP Donnie Rawling
Batting: RHB Juan Jose Guerrero 0-0: Called Strike
0-1: Ball
1-1: SINGLE (Flyball, 78M)
Batting: SHB Rafael Bregonzi 0-0: Ball
1-0: SINGLE (Line Drive, 4D)
Juan Jose Guerrero to second
Batting: RHB Bob Smelcer 0-0: Ball
1-0: Foul Ball, location: 2F
1-1: Foul Ball, location: 2F
1-2: Fly out, F3 (Popup, 3F)
Batting: RHB Tony Hernández 0-0: Called Strike
0-1: Ball
1-1: Ball
2-1: Ball
3-1: DOUBLE (Line Drive, 9LM)
Juan Jose Guerrero scores
Rafael Bregonzi to third
Batting: RHB Clarence Coffin 0-0: Ball
1-0: SINGLE (Line Drive, 4MD)
Rafael Bregonzi scores
Tony Hernández to third
Batting: RHB Cornelius Adkison 0-0: Fly out, F7 (Flyball, 78S)
Batting: LHB Gabriel Montoya 0-0: Called Strike
0-1: Ball
1-1: Ball
2-1: Foul Ball, location: 2F
2-2: Foul Ball, location: 2F
2-2: Ball
3-2: Ground out 4-3 (Groundball, 34)
Top of the 3rd over - 2 runs, 4 hits, 0 errors, 2 left on base; Ballard 2 - Franklin 5
BOTTOM OF THE 3RD
Franklin Fire batting - Pitching for Ballard Beavers : RHP Waylon Nicholas
Batting: RHB Thomas Flyer 0-0: Ball
1-0: Ball
2-0: Reached on error, E4 (Groundball, 4)
Batting: LHB Kent Maxwell 0-0: Called Strike
0-1: Ball
1-1: Foul Ball, location: 2F
1-2: Ball
2-2: Ball
3-2: Ground out 6-3 (Groundball, 6S)
Thomas Flyer to second
Batting: RHB Ricardo Cardona 0-0: Swinging Strike
0-1: Foul Ball, location: 2F
0-2: Ball
1-2: SINGLE (Line Drive, 78S)
Thomas Flyer to third
Batting: LHB Rick Newell 0-0: Called Strike
0-1: Ball
1-1: Foul Ball, location: 2F
1-2: Ball
2-2: Foul Ball, location: 2F
2-2: Ball
3-2: Reached on error, E3 (Groundball, 3)
Thomas Flyer scores
Ricardo Cardona to second
Batting: RHB Richard Theunen 0-0: Foul Ball, location: 2F
0-1: Ball
1-1: Ball
2-1: Foul Ball, location: 2F
2-2: SINGLE (Groundball, 56D)
Ricardo Cardona to third
Rick Newell to second
Runner from 3rd tries for Home, SAFE, no throw
Batting: RHB Dan Lewis 0-0: Ball
1-0: Ball
2-0: Called Strike
2-1: Foul Ball, location: 2F
2-2: Strikes out swinging
Batting: RHB Djakapura Makanamaikai 0-0: Ball
1-0: Foul Ball, location: 2F
1-1: Ball
2-1: Swinging Strike
2-2: Foul Ball, location: 2F
2-2: Strikes out swinging, 2-3 out at first.
Bottom of the 3rd over - 2 runs, 2 hits, 2 errors, 2 left on base; Ballard 2 - Franklin 7
TOP OF THE 4TH
Ballard Beavers batting - Pitching for Franklin Fire : RHP Donnie Rawling
Batting: SHB Alberto González 0-0: Ball
1-0: Called Strike
1-1: Foul Ball, location: 2F
1-2: Ball
2-2: Foul Ball, location: 2F
2-2: Strikes out swinging
Batting: RHB Jim Herries 0-0: Called Strike
0-1: Foul Ball, location: 2F
0-2: Ball
1-2: Ground out 5-3 (Groundball, 56)
Batting: RHB Juan Jose Guerrero 0-0: Foul Ball, location: 2F
0-1: Ball
1-1: Foul Ball, location: 2F
1-2: Ball
2-2: Foul Ball, location: 2F
2-2: Foul Ball, location: 2F
2-2: Ground out 1-3 (Groundball, P)
Top of the 4th over - 0 runs, 0 hits, 0 errors, 0 left on base; Ballard 2 - Franklin 7
BOTTOM OF THE 4TH
Franklin Fire batting - Pitching for Ballard Beavers : RHP Waylon Nicholas
Batting: SHB Govaart Baars 0-0: Ball
1-0: Fly out, F8 (Flyball, 78M)
Batting: RHB Peter Holland 0-0: Ball
1-0: Fly out, F8 (Flyball, 8LM)
Batting: RHB Thomas Flyer 0-0: Ball
1-0: Called Strike
1-1: Swinging Strike
1-2: Strikes out swinging
Bottom of the 4th over - 0 runs, 0 hits, 0 errors, 0 left on base; Ballard 2 - Franklin 7
TOP OF THE 5TH
Ballard Beavers batting - Pitching for Franklin Fire : RHP Donnie Rawling
Batting: SHB Rafael Bregonzi 0-0: Ball
1-0: Swinging Strike
1-1: Ball
2-1: Ball
3-1: SINGLE (Groundball, 34S) (infield hit)
Batting: RHB Bob Smelcer 0-0: Swinging Strike
0-1: Ball
1-1: Foul Ball, location: 2F
1-2: Ball
2-2: Foul Ball, location: 2F
2-2: Foul Ball, location: 2F
2-2: Strikes out looking
Batting: RHB Tony Hernández 0-0: Ball
1-0: SINGLE (Groundball, 56D)
Rafael Bregonzi to second
Batting: RHB Clarence Coffin 0-0: Ball
1-0: SINGLE (Line Drive, 6M)
Rafael Bregonzi to third
Tony Hernández to second
Batting: RHB Cornelius Adkison 0-0: Called Strike
0-1: Hit by Pitch
Rafael Bregonzi scores
Tony Hernández to third
Clarence Coffin to second
Batting: LHB Gabriel Montoya 0-0: Ball
1-0: DOUBLE (Flyball, 8LD)
Tony Hernández scores
Clarence Coffin scores
Cornelius Adkison to third
Batting: SHB Alberto González 0-0: Hit by Pitch
Batting: RHB Jim Herries 0-0: Grounds into double play, 6-4-3 (Groundball, 6M)
Top of the 5th over - 3 runs, 4 hits, 0 errors, 2 left on base; Ballard 5 - Franklin 7
BOTTOM OF THE 5TH
Franklin Fire batting - Pitching for Ballard Beavers : RHP Waylon Nicholas
Batting: LHB Kent Maxwell 0-0: Ball
1-0: Called Strike
1-1: Swinging Strike
1-2: Ball
2-2: Ball
3-2: Base on Balls
Pitching: RHP Mario Durán
Batting: RHB Ricardo Cardona 0-0: Ball
1-0: Called Strike
1-1: Swinging Strike
1-2: Strikes out looking
Batting: LHB Rick Newell 0-0: Ball
1-0: Called Strike
1-1: Foul Ball, location: 2F
1-2: Ball
2-2: Ball
Wild Pitch!
Kent Maxwell to second
3-2: Strikes out swinging
Batting: RHB Richard Theunen 0-0: Ball
1-0: Ball
2-0: Called Strike
2-1: Foul Ball, location: 2F
2-2: Ground out 6-3 (Groundball, 6)
Bottom of the 5th over - 0 runs, 0 hits, 0 errors, 1 left on base; Ballard 5 - Franklin 7
TOP OF THE 6TH
Ballard Beavers batting - Pitching for Franklin Fire : RHP Donnie Rawling
Batting: RHB Juan Jose Guerrero 0-0: Ball
1-0: DOUBLE (Line Drive, 7LD)
Batting: SHB Rafael Bregonzi 0-0: Called Strike
0-1: SINGLE (Line Drive, 78S)
Juan Jose Guerrero to third
Runner from 3rd tries for Home, SAFE, no throw
Pitching: LHP Alberto Villarreal
Batting: RHB Bob Smelcer 0-0: Sac Bunt - play at first, batter OUT! 1-3
Rafael Bregonzi to second
Batting: RHB Tony Hernández 0-0: Ball
1-0: Called Strike
1-1: Foul Ball, location: 2F
1-2: Fly out, F4 (Line Drive, 4)
Batting: RHB Clarence Coffin 0-0: Called Strike
0-1: Ball
1-1: Ball
2-1: Ball
3-1: Base on Balls
Batting: RHB Cornelius Adkison 0-0: Fly out, F1 (Line Drive, 15)
Top of the 6th over - 1 run, 2 hits, 0 errors, 2 left on base; Ballard 6 - Franklin 7
BOTTOM OF THE 6TH
Franklin Fire batting - Pitching for Ballard Beavers : RHP Mario Durán
Batting: RHB Dan Lewis 0-0: Called Strike
0-1: Called Strike
0-2: Fly out, F8 (Flyball, 8RM)
Batting: RHB Djakapura Makanamaikai 0-0: Called Strike
0-1: Foul Ball, location: 2F
0-2: Strikes out looking
Batting: SHB Govaart Baars 0-0: Called Strike
0-1: DOUBLE (Line Drive, 9D)
Batting: RHB Peter Holland 0-0: Swinging Strike
0-1: Ball
1-1: Called Strike
1-2: Strikes out swinging
Bottom of the 6th over - 0 runs, 1 hit, 0 errors, 1 left on base; Ballard 6 - Franklin 7
TOP OF THE 7TH
Ballard Beavers batting - Pitching for Franklin Fire : LHP Alberto Villarreal
Batting: LHB Gabriel Montoya 0-0: Foul Ball, location: 2F
0-1: Hit by Pitch
Pinch Hitting: RHB Reynaldo Torres 0-0: Bunted foul
0-1: Bunt missed!
0-2: Strikes out swinging
Batting: RHB Jim Herries 0-0: Called Strike
0-1: Foul Ball, location: 2F
0-2: Ball
1-2: Ball
2-2: Grounds into double play, 6-4-3 (Groundball, 6)
Top of the 7th over - 0 runs, 0 hits, 0 errors, 0 left on base; Ballard 6 - Franklin 7
BOTTOM OF THE 7TH
Franklin Fire batting - Pitching for Ballard Beavers : RHP Mario Durán
Now at C: Reynaldo Torres
Batting: RHB Thomas Flyer 0-0: Called Strike
0-1: Foul Ball, location: 2F
0-2: Foul Ball, location: 2F
0-2: Ground out 5-3 (Groundball, 5)
Batting: LHB Kent Maxwell 0-0: Ball
1-0: Ball
2-0: Ball
3-0: Base on Balls
Batting: RHB Ricardo Cardona 0-0: Fly out, F8 (Flyball, 8LS)
Batting: LHB Rick Newell 0-0: Called Strike
0-1: Called Strike
0-2: Ball
Kent Maxwell is caught stealing 2nd base
Bottom of the 7th over - 0 runs, 0 hits, 0 errors, 0 left on base; Ballard 6 - Franklin 7
TOP OF THE 8TH
Ballard Beavers batting - Pitching for Franklin Fire : LHP Alberto Villarreal
Now in RF: Shannon L. Alder
Batting: RHB Juan Jose Guerrero 0-0: Foul Ball, location: 2F
0-1: Swinging Strike
0-2: Strikes out swinging
Batting: SHB Rafael Bregonzi 0-0: Called Strike
0-1: Foul Ball, location: 2F
0-2: Ball
1-2: Ball
2-2: Ball
3-2: Strikes out looking
Batting: RHB Bob Smelcer 0-0: Foul Ball, location: 2F
0-1: Ball
1-1: Called Strike
1-2: Ground out 6-3 (Groundball, 6)
Top of the 8th over - 0 runs, 0 hits, 0 errors, 0 left on base; Ballard 6 - Franklin 7
BOTTOM OF THE 8TH
Franklin Fire batting - Pitching for Ballard Beavers : RHP Mario Durán
Pitching: RHP Aurelio Ortíz
Batting: LHB Rick Newell 0-0: Called Strike
0-1: Called Strike
0-2: Ball
1-2: Strikes out swinging
Batting: RHB Richard Theunen 0-0: Foul Ball, location: 2F
0-1: Swinging Strike
0-2: Strikes out looking
Batting: RHB Dan Lewis 0-0: Foul Ball, location: 2F
0-1: Foul Ball, location: 2F
0-2: Strikes out swinging
Bottom of the 8th over - 0 runs, 0 hits, 0 errors, 0 left on base; Ballard 6 - Franklin 7
TOP OF THE 9TH
Ballard Beavers batting - Pitching for Franklin Fire : LHP Alberto Villarreal
Pitching: LHP Freddy Estrada
Batting: RHB Tony Hernández 0-0: Called Strike
0-1: Swinging Strike
0-2: Ball
1-2: Ground out 1-3 (Groundball, P)
Batting: RHB Clarence Coffin 0-0: Called Strike
0-1: Ball
1-1: Called Strike
1-2: Reached on error, E5 (Groundball, 56)
Batting: RHB Cornelius Adkison 0-0: Foul Ball, location: 2F
0-1: Ball
1-1: Ball
2-1: Ball
3-1: Base on Balls
Pinch Hitting: SHB Scot Adkins 0-0: Ball
1-0: Ball
2-0: Fly out, F7 (Flyball, 78M)
Batting: RHB Reynaldo Torres 0-0: Ball
1-0: Ball
2-0: 3-RUN HOME RUN (Flyball, 78XD), Distance : 375 ft
Batting: RHB Jim Herries 0-0: Foul Ball, location: 2F
0-1: Foul Ball, location: 2F
0-2: Ball
1-2: Foul Ball, location: 2F
1-2: Ball
2-2: Ball
3-2: Foul Ball, location: 2F
3-2: Foul Ball, location: 2F
3-2: Ground out 5-3 (Groundball, 56)
Top of the 9th over - 3 runs, 1 hit, 1 error, 0 left on base; Ballard 9 - Franklin 7
BOTTOM OF THE 9TH
Franklin Fire batting - Pitching for Ballard Beavers : RHP Aurelio Ortíz
Now in CF: Scot Adkins
Batting: RHB Djakapura Makanamaikai 0-0: Ball
1-0: Called Strike
1-1: Foul Ball, location: 2F
1-2: Foul Ball, location: 2F
1-2: TRIPLE (Flyball, 8RXD)
Batting: SHB Govaart Baars 0-0: Foul Ball, location: 2F
0-1: Foul Ball, location: 2F
0-2: Ball
1-2: Ball
2-2: Ball
3-2: Base on Balls
Batting: RHB Peter Holland 0-0: Swinging Strike
0-1: Ball
1-1: Fly out, F4 (Line Drive, 4)
Batting: RHB Thomas Flyer 0-0: SINGLE (Groundball, 6MD)
Djakapura Makanamaikai scores
Govaart Baars to second
Runner from 2nd tries for 3rd, SAFE, throw made to third
Batting: RHB Shannon L. Alder 0-0: Ball
1-0: Foul Ball, location: 2F
1-1: Ball
2-1: Foul Ball, location: 2F
2-2: Ball
3-2: Strikes out swinging
Batting: RHB Ricardo Cardona 0-0: Swinging Strike
0-1: Ball
1-1: Ball
2-1: Foul Ball, location: 2F
2-2: Foul Ball, location: 2F
2-2: Foul Ball, location: 2F
2-2: Foul Ball, location: 2F
2-2: Strikes out swinging
Bottom of the 9th over - 1 run, 2 hits, 0 errors, 2 left on base; Ballard 9 - Franklin 8
Saturday, December 22nd, 2018 - OOTP Baseball 18.8 Build 76